 Dungeon Crawl Stone Soup version 0.12.2-14-g7c90c79 (webtiles) character file.

117 MarVin the Skirmisher (level 3, -13/30 HPs)
             Began as a Demonspawn Fighter on Aug 5, 2013.
             Mangled by Crazy Yiuf
             ... wielding a +2,+3 quarterstaff of chaos
              (20 damage)
             ... on Level 2 of the Dungeon.
             The game lasted 00:03:00 (1547 turns).

MarVin the Skirmisher (Demonspawn Fighter)          Turns: 1547, Time: 00:03:00

HP -13/30        AC 13     Str 17      XL: 3   Next: 55%
MP   2/2         EV  5     Int  9      God:
Gold 67          SH 18     Dex 12      Spells:  0 memorised,  2 levels left

Res.Fire  : . . .   See Invis. : .   a - +0 hand axe {=f}
Res.Cold  : . . .   Warding    : .   b - +0 scale mail
Life Prot.: . . .   Conserve   : .   c - +0 shield
Res.Poison: .       Res.Corr.  : .   (no helmet)
Res.Elec. : .       Clarity    : .   (no cloak)
Sust.Abil.: . .     Spirit.Shd : .   h - +0 pair of gauntlets
Res.Mut.  : .       Stasis     : .   j - +0 pair of boots
Res.Rott. : .       Ctrl.Telep.: .   (no amulet)
Saprovore : . . .   Flight     : .   (no ring)
                                     (no ring)

@: quite poisoned, not resistant to hostile enchantments, extremely unstealthy
A: conserve scrolls, AC +4
a: no special abilities


You were on level 2 of the Dungeon.
You were near starving.

You visited 1 branch of the dungeon, and saw 2 of its levels.

You collected 47 gold pieces.

Inventory:

Hand weapons
 a - a +0,+0 hand axe (weapon) {=f}
Armour
 b - a +0 scale mail (worn)
 c - a +0 shield (worn)
 h - a +0 pair of gauntlets (worn)
 j - a +0 pair of boots (worn)
Comestibles
 d - 2 bread rations
Scrolls
 e - a scroll of enchant weapon II {unknown}
 f - a scroll of teleportation {unknown}
 g - 3 scrolls of fog {unknown}
 i - a scroll of identify {unknown}
 l - 2 scrolls of recharging {unknown}
Jewellery
 m - an uncursed amulet of rage {unknown}
 n - an uncursed amulet of guardian spirit {unknown}
Potions
 k - a potion of restore abilities {unknown}
 o - a potion of curing {unknown}


   Skills:
 - Level 3.3 Fighting
 + Level 2.4 Axes
 + Level 3.1 Armour
 - Level 0.1 Dodging
 + Level 3.1 Shields


You had 2 spell levels left.
You didn't know any spells.

Dungeon Overview and Level Annotations

Branches:
Dungeon (2/27)

Altars:
Nemelex Xobeh
Trog

Annotations
D:2 Crazy Yiuf


Innate Abilities, Weirdness & Mutations

You are partially covered in iridescent scales (AC +4).
You are very good at protecting items from fire.


Message History

Crazy Yiuf is severely wounded.
Crazy Yiuf hits you with a quarterstaff of chaos!
Crazy Yiuf freezes you. You block Crazy Yiuf's attack.
You hit Crazy Yiuf.
Crazy Yiuf is severely wounded.
You feel sick.
Crazy Yiuf hits you with a quarterstaff of chaos.
You feel drained.
* * * LOW HITPOINT WARNING * * *
You are too injured to fight recklessly!
You are too injured to fight recklessly!
You are too injured to fight recklessly!
You are too injured to fight recklessly!
You are too injured to fight recklessly!
You hit Crazy Yiuf.
Crazy Yiuf is almost dead.
* * * LOW HITPOINT WARNING * * *
You feel sick. Crazy Yiuf hits you but does no damage.
You are electrocuted!
Ouch! That really hurt!
You die...

.......# ### #.#
####.### ###.# #.#
### #...# ####.###
.)# ##'######
#......# ..#
#........ #.....<#
.. #........
#......# ♣##.##
###........
#......### ♣♣♣g♣♣
#.#........
#........####♣♣♣@♣♣
#.#........
#......#....#♣♣♣.♣♣
#.#........
#......####.#♣♣.♣♣♣♣
#.'........ ########
###♣♣♣.♣♣♣♣
###....)... ♣♣..f♣♣♣
#........ ♣♣♣..f♣♣
#.####### ##....##
#.# #....# #.#
##...######.#


You could see Crazy Yiuf.

Vanquished Creatures
  Ijyb (D:2)
  2 adders (D:2)
  A ball python (D:1)
  7 bats
  4 hobgoblins
  3 jackals (D:1)
  A kobold (D:1)
  A giant newt (D:1)
  3 goblins
  2 rats (D:1)
  3 fungi (D:2)
28 creatures vanquished.

Notes
Turn   | Place    | Note
--------------------------------------------------------------
     0 | D:1      | MarVin, the Demonspawn Fighter, began the quest for the Orb.
     0 | D:1      | Reached XP level 1. HP: 18/18 MP: 0/0
   104 | D:1      | Gained mutation: You are partially covered in iridescent scales (AC +4). [demonic ancestry]
   104 | D:1      | Reached XP level 2. HP: 4/24 MP: 1/1
   842 | D:2      | Found a sparkling altar of Nemelex Xobeh.
   945 | D:2      | Noticed Ijyb
   955 | D:2      | Gained mutation: You are very good at protecting items from fire. [demonic ancestry]
   955 | D:2      | Reached XP level 3. HP: 28/30 MP: 2/2
   976 | D:2      | Killed Ijyb
  1322 | D:2      | Found a bloodstained altar of Trog.
  1533 | D:2      | Noticed Crazy Yiuf
  1547 | D:2      | Mangled by Crazy Yiuf

Action                   || total
-------------------------++-------
Melee: Hand axe          ||   141
